 Dungeon Crawl Stone Soup version 0.17.2-1-ge4368a0 (webtiles) character file.

10 tidbits the Insei (level 2, -2/22 HPs)
             Began as a Demigod Transmuter on Aug 26, 2017.
             Killed from afar by Natasha (9 damage)
             ... with a magic dart
             ... on level 3 of the Dungeon.
             The game lasted 00:02:36 (213 turns).

tidbits the Insei (Demigod Transmuter)               Turns: 213, Time: 00:02:38

Health: -2/22      AC:  2    Str: 13    XL:     2   Next: 0%
Magic:  6/7        EV: 12    Int: 17    God:
Gold:   10         SH:  0    Dex: 16    Spells: 1 memorised, 4 levels left

rFire  . . .     SeeInvis .       - Unarmed
rCold  . . .     Clarity  .     b - +0 robe
rNeg   . . .     SustAt   +     (no shield)
rPois  .         Gourm    .     (no helmet)
rElec  .         Spirit   .     (no cloak)
rCorr  .         Warding  .     (no gloves)
rMut   .         Stasis   .     (boots currently unavailable)
MR     .....                    (no amulet)
Stlth  +.........               (no ring)
                                (no ring)

@: appendage (expiring), not resistant to hostile enchantments, very unstealthy
A: talons 3, high mp 1, sustain attributes
a: End Transformation


You were on level 3 of the Dungeon.
You were not hungry.
You had grown temporary talons.
You visited 1 branch of the dungeon, and saw 3 of its levels.

You collected 10 gold pieces.

Inventory:

Missiles
 a - 17 arrows
Armour
 b - a +0 robe (worn)
Scrolls
 e - a scroll of noise {unknown}
 f - a scroll of magic mapping {unknown}
 i - a scroll of identify {unknown}
Potions
 g - a potion of flight
Books
 c - a book of Changes

   Spells                             Type                      Level
   a - Beastly Appendage              Transmutation                1
   b - Sticks to Snakes               Transmutation                2
   c - Spider Form                    Transmutation/Poison         3
   d - Ice Form                       Ice/Transmutation            4
   e - Blade Hands                    Transmutation                5
Comestibles
 d - a bread ration
 h - 3 fruits


   Skills:
 - Level 0.8 Fighting
 - Level 1.7 Dodging
 * Level 3.0 Unarmed Combat
 - Level 2.0 Spellcasting
 + Level 2.0 Transmutations


You had 4 spell levels left.
You knew the following spells:

 Your Spells              Type           Power        Failure   Level  Hunger
e - Beastly Appendage     Trmt           #.....       10%         1    #......


Dungeon Overview and Level Annotations

Branches:
Dungeon (3/15)

Annotations:
D:3 Natasha


Innate Abilities, Weirdness & Mutations

You have an increased reservoir of magic (+10% MP).
Your attributes are resistant to harm.
You have claws for feet.


Message History

Really fire
j - a throwing net {!f}? [Y]es or [N]o only, please.
Really fire
j - a throwing net {!f}?
Fire/throw which item? (* to show all) (? for menu, Esc to quit)
You don't have any such object.
Fire/throw which item? (* to show all) (? for menu, Esc to quit)
Really fire
j - a throwing net {!f}?
Press: ? - help, Shift-Dir - straight line, f - worm
Aim: a worm You throw a throwing net {!f}.
The throwing net {!f} hits the worm.
The worm is caught in the net!
The worm struggles against the net.
You hit the worm.
The worm is moderately wounded.
You hit the worm.
The worm is heavily wounded.
The worm struggles to escape the net.
You hit the worm.
The worm is heavily wounded.
You hit the worm.
The worm is severely wounded.
The worm struggles against the net.
You hit the worm.
The worm is severely wounded.
You hit the worm but do no damage.
The worm is severely wounded.
The worm struggles against the net.
You hit the worm.
The worm is severely wounded.
The helpless worm fails to defend itself.
You hit the worm but do no damage.
The worm is severely wounded.
The worm struggles to escape the net.
The worm breaks free.
You hit the worm. You punch the worm.
The worm is almost dead.
The worm bites you but does no damage.
You barely miss the worm.
The worm is almost dead.
You hit the worm.
You kill the worm!
Your Unarmed Combat skill increases to level 3!
j - a throwing net {!f}
Found a leather armour.
There is a stone staircase leading down here.
You fly downwards.
A giant newt comes into view.
There is a stone staircase leading up here.
The giant newt barely misses you.
Found 5 arrows.
You hit the giant newt.
You kill the giant newt!
Casting: Beastly Appendage
Confirm with . or Enter, or press ? or * to list all spells.
Your feet morph into talons.
You see here a giant newt corpse.
Your transformation is almost over.
You are starting to lose your buoyancy.
a - 17 arrows (gained 5)
Found a stone staircase leading down.
Magic restored.
A hobgoblin comes into view. It is wielding a club.
Your talons disappear.
You float gracefully downwards.
The hobgoblin shouts!
Found a scroll labeled HIARIKL VEKUGH.
Casting: Beastly Appendage
Confirm with . or Enter, or press ? or * to list all spells.
Your feet morph into talons.
The hobgoblin hits you with a club.
* * * LOW HITPOINT WARNING * * *
You barely miss the hobgoblin. You claw the hobgoblin.
The hobgoblin is heavily wounded.
Natasha, Servant of Life and Death comes into view.
You closely miss the hobgoblin.
You claw the hobgoblin, but do no damage.
The hobgoblin is heavily wounded.
The hobgoblin hits you with a club.
* * * LOW HITPOINT WARNING * * *
You barely miss the hobgoblin. Your kick misses the hobgoblin.
The hobgoblin is heavily wounded.
The hobgoblin barely misses you.
You completely miss the hobgoblin. You claw the hobgoblin.
You kill the hobgoblin!
Your Transmutations skill increases to level 2!
You have reached level 2!
Your transformation is almost over.
Casting: Beastly Appendage
Confirm with . or Enter, or press ? or * to list all spells.
You extend your transformation's duration.
Throwing (i - inventory):
j - a throwing net (quivered)
{!f}
Press: ? - help, Shift-Dir - straight line, f - Natasha
Aim: Natasha (hasn't noticed you) Really fire
j - a throwing net {!f}?
You throw a throwing net {!f}. The throwing net {!f} hits Natasha.
Natasha is caught in the net!
Natasha hisses angrily.
Your transformation is almost over.
Natasha stares at you and mumbles some strange words.
The magic dart hits you!
You die...

####.......#
#.......#
#.......#
####†####
##.## ##...#
###..#..#
#h).###.#
#.#@.# .#
#.##...##
#.# #### #.#
#h# #.# #.#
#># #.#


You could see Natasha (caught).

Vanquished Creatures
  A worm (D:2)
  A goblin (D:1)
  2 hobgoblins
  A ball python (D:1)
  2 giant newts
  A rat (D:1)
8 creatures vanquished.

Notes
Turn   | Place    | Note
--------------------------------------------------------------
     0 | D:1      | tidbits the Demigod Transmuter began the quest for the Orb.
     0 | D:1      | Reached XP level 1. HP: 15/15 MP: 5/5
    33 | D:1      | Reached skill level 2 in Spellcasting
   169 | D:2      | Reached skill level 3 in Unarmed Combat
   203 | D:3      | Noticed Natasha
   211 | D:3      | Reached skill level 2 in Transmutations
   211 | D:3      | Reached XP level 2. HP: 7/22 MP: 7/7
   213 | D:3      | Killed from afar by Natasha

Action                   || total
-------------------------++-------
Melee: Unarmed           ||    33
Throw: Throwing net      ||     2
 Cast: Beastly Appendage ||     9
  Use: Potion            ||     1
 Stab: Held in net/web   ||     1

Table legend:
 A = Turns spent in this place as a percentage of turns spent in the entire game.
 B = Non-inter-level travel turns spent in this place as a percentage of non-inter-level travel turns spent in the entire game.
 C = Inter-level travel turns spent in this place as a percentage of turns spent in this place.
 D = Turns resting spent in this place as a percentage of non-inter-level travel turns spent in this place.
 E = Turns spent auto-exploring this place as a percentage of non-inter-level travel turns spent in this place.
 F = Non-inter-level travel turns spent in this place divided by the number of levels of this place that you've seen.
                   A       B       C       D       E      F
               +-------+-------+-------+-------+-------+----------------------
         Total | 100.0 | 100.0 |   0.0 |   0.0 |   0.0 |  69.3
       Dungeon | 100.0 | 100.0 |   0.0 |   0.0 |   0.0 |  69.3
               +-------+-------+-------+-------+-------+----------------------

Table legend:
 A = Kills in this place as a percentage of kills in entire the game.
 B = Kills by you in this place as a percentage of kills by you in the entire game.
 C = Kills by friends in this place as a percentage of kills by friends in the entire game.
 D = Other kills in this place as a percentage of other kills in the entire game.
 E = Experience gained in this place as a percentage of experience gained in the entire game.
 F = Experience gained in this place divided by the number of levels of this place that you have seen.
                   A       B       C       D       E      F
               +-------+-------+-------+-------+-------+----------------------
         Total | 100.0 | 100.0 |  -nan |  -nan | 100.0 |   5.0
       Dungeon | 100.0 | 100.0 |  -nan |  -nan | 100.0 |   5.0
               +-------+-------+-------+-------+-------+----------------------

Vault maps used:
D:1:      dpeg_arrival_round_a, dk_noncrumbling_3
D:2:      hangedman_decor_opposing, grunt_dithmenos_smoke_and_mirrors
D:3:      led_xom_imps, nicolae_ashenzari_panopticon, first_bread,
          mrwooster_statue_mirror, glass_columns_a, uniq_natasha
